 Dungeon Crawl Stone Soup version 0.30.1-9-gdf580d7c3d (webtiles) character file.

Game seed: 13637147725728106978

116 ringo67 the Chiller (level 4, -7/32 HPs)
             Began as a Vampire Ice Elementalist on Oct 7, 2023.
             Succumbed to an orc wizard's poison
             ... on level 3 of the Dungeon.
             The game lasted 00:05:18 (2267 turns).

ringo67 the Chiller (Vampire Ice Elementalist)      Turns: 2267, Time: 00:05:19

Health: -7/32      AC: 21    Str:  6    XL:     4   Next: 70%
Magic:  7/7        EV:  2    Int: 18    God:
Gold:   105        SH:  0    Dex: 21    Spells: 7/8 levels left

rFire   . . .        q - +0 flail
rCold   . . .        (no shield)
rNeg    + . .        n - +11 plate armour of Yesterday {rN+ Dex+3 Slay+2}
rPois   .            (no helmet)
rElec   .            (no cloak)
rCorr   .            (no gloves)
SInv    +            (no boots)
Will    +....        (no amulet) Stlth
                     g - +5 ring of evasion
HPRegen 0.45/turn    (no ring)
MPRegen 0.10/turn

%: no passive effects
@: lethally poisoned (-7 -> -38), healing quickly
A: alive, fangs 3, see invisible, vampiric 2, agile 1, strong-willed 1, no
potion heal 1
a: Exsanguinate


You were on level 3 of the Dungeon.
You visited 1 branch of the dungeon, and saw 3 of its levels.

You collected 105 gold pieces.

Inventory:

Hand Weapons
 q - a +0 flail (weapon)
Armour
 a - a +0 robe
 n - the +11 plate armour of Yesterday (worn) {rN+ Dex+3 Slay+2}
   (You found it on level 2 of the Dungeon)

   Dex:       It affects your dexterity (+3).
   Slay:      It affects your accuracy & damage with ranged weapons and melee
   (+2).
   rN:        It protects you from negative energy.
Magical Staves
 c - a staff of conjuration
Jewellery
 g - a +5 ring of evasion (left hand)
Scrolls
 i - a scroll of identify {unknown}
 l - a scroll of immolation {unknown}
 m - a scroll of poison {unknown}
 o - a scroll of acquirement {unknown}
Potions
 b - a potion of magic
 d - a potion of degeneration {unknown}
 e - a potion of heal wounds {unknown}
 f - a potion of mutation
 h - 2 potions of ambrosia {unknown}
 j - a potion of invisibility {unknown}
 k - a potion of resistance {unknown}
 p - a potion of lignification {unknown}


   Skills:
 + Level 1.4 Fighting
 + Level 1.2 Armour
 + Level 3.5 Dodging
 - Level 3.0 Stealth
 - Level 2.5 Spellcasting
 - Level 4.4 Ice Magic


You had 7 spell levels left.
You knew the following spells:

 Your Spells              Type           Power      Damage    Failure   Level
a - Freeze                Ice            72%        1d8       100%        1

Your spell library contained the following spells:

 Spells                   Type           Power      Damage    Failure   Level
 Magic Dart               Conj           8%         1d3       100%        1
 Slow                     Hex            8%         N/A       100%        1
 Call Imp                 Summ           4%         N/A       100%        2
 Confusing Touch          Hex            2%         N/A       100%        3
 Frozen Ramparts          Ice            36%        1d6       100%        3
 Mephitic Cloud           Conj/Pois/Air  2%         N/A       100%        3
 Ozocubu's Armour         Ice            18%        N/A       100%        3
 Stone Arrow              Conj/Erth      4%         3d7       100%        3
 Vampiric Draining        Necr           2%         2d6       100%        3
 Animate Armour           Summ/Erth      4%         N/A       100%        4
 Summon Ice Beast         Ice/Summ       10%        N/A       100%        4
 Lehudib's Crystal Spear  Conj/Erth      1%         10d2      100%        8


Dungeon Overview and Level Annotations

Branches:
Dungeon (3/15)

Altars:

Shops:
D:1 =


Innate Abilities, Weirdness & Mutations

Your natural rate of healing is accelerated.
You have razor-sharp teeth.
You have supernaturally acute eyesight. (SInv)
You are afflicted with vampirism and can become a bat while bloodless.
You are agile. (Dex +4, Str/Int -1)
You are strong-willed. (Will+)
Potions are less effective at restoring your health.


Message History

You hit the orc wizard.
The orc wizard is heavily wounded.
You feel very sick. The orc hits you with a +0 short sword.
The orc wizard barely misses you.
The orc wizard hits you but does no damage.
The orc hits you but does no damage.
You sock the orc wizard!
The orc wizard is almost dead.
You feel sick.
The orc wizard hits you but does no damage.
You are more poisoned.
The orc hits you but does no damage.
You hit the orc wizard but do no damage.
Your bite misses the orc wizard.
The orc wizard is almost dead.
You feel very sick.
The orc wizard hits you but does no damage.
You are more poisoned.
The orc hits you but does no damage.
You barely miss the orc wizard.
The orc wizard is almost dead.
You feel very sick. The orc hits you with a +0 short sword.
The orc wizard hits you but does no damage.
You are more poisoned.
The orc wizard hits you but does no damage.
You are more poisoned.
The orc hits you but does no damage.
You closely miss the orc wizard.
The orc wizard is almost dead.
* * * LOW HITPOINT WARNING * * *
You feel extremely sick. The orc barely misses you.
The orc wizard hits you but does no damage.
You are more poisoned.
It was a potion of mutation.
You feel extremely strange.
You feel agile.
Your system partially rejects the healing effects of potions.
You feel strong-willed.
You die...

#. ......##.# ......
.........# #.#..#
#######.## #.#..#
#.########## #.#..#
###.##.o..oo.o #.#..#
##.#.##o#
##.#..######....##.#
.)#........<)...##.#
##....[.........@#.##
##.#.#####.....oo..#
#.#.# #.(...##..#
#.#.#####.#.#.##..#
###.#...........##..#
....#######.######..#
.#|.# #.# #..# ...##
#.# #... #.## #.# #..


You could see an orc wizard (invisible) and an orc.

Vanquished Creatures
  An orc priest (D:3)
  An orc wizard (D:3)
  An adder (D:3)
  2 worms (D:3)
  3 orcs
  3 endoplasms
  2 giant cockroaches
  3 goblins (D:1)
  7 hobgoblins
  3 jackals (D:1)
  3 quokkas
  5 ball pythons (D:1)
  5 bats
  A frilled lizard (D:1)
  2 kobolds
  3 rats (D:1)
45 creatures vanquished.

Notes
Turn   | Place    | Note
-------+----------+-------------------------------------------
     0 | D:1      | ringo67 the Vampire Ice Elementalist began the quest for
                  | the Orb.
     0 | D:1      | Reached XP level 1. HP: 13/13 MP: 3/3
   218 | D:1      | Reached XP level 2. HP: 19/19 MP: 3/5
   285 | D:1      | Found Duimnegi's Jewellery Boutique.
   971 | D:2      | Gained mutation: You are afflicted with vampirism and can
                  | become a bat while bloodless. [Vampire growth]
   971 | D:2      | Reached XP level 3. HP: 24/24 MP: 4/6
  1300 | D:2      | Identified the +11 plate armour of Yesterday {rN+ Dex+3
                  | Slay+2}
  1895 | D:3      | Reached skill level 1 in Fighting
  1895 | D:3      | Reached skill level 1 in Armour
  1895 | D:3      | Reached XP level 4. HP: 17/32 MP: 7/7
  2266 | D:3      | HP: 1/32 [poisoned by an orc wizard]
  2267 | D:3      | Gained mutation: You are agile. (Dex +4, Str/Int -1)
                  | [potion of mutation]
  2267 | D:3      | Gained mutation: Potions are less effective at restoring
                  | your health. [potion of mutation]
  2267 | D:3      | Gained mutation: You are strong-willed. (Will+) [potion of
                  | mutation]
  2267 | D:3      | Succumbed to an orc wizard's poison

Illustrated notes

Levels and vault maps discovered:
D:1:      evilmike_arrival_hilbert_curve, layout_basic, serial_shops,
          nicolae_shop_trees, serial_park_tiny_2
D:2:      layout_loops_cross
D:3:      layout_loops_ring

Skill      XL: |  1  2  3 |
---------------+----------+-----
Dodging        | 3 |  3.5
Fighting       | 1 |  1.4
Armour         | 1 |  1.2
Stealth        | |  3.0
Spellcasting   | |  2.5
Ice Magic      | |  4.4

Action                     |  1- 3 |  4- 6 || total
---------------------------+-------+-------++-------
  Melee: Staff             |   127 |     9 ||   136
         Bite              |    15 |       ||    15
         Flail             |       |    16 ||    16
         Punch             |       |     1 ||     1
   Cast: Freeze            |    15 |       ||    15
    Use: Potion            |       |     1 ||     1
   Stab: Sleeping          |     6 |       ||     6
 Armour: Robe              |    14 |       ||    14
         Plate armour      |    47 |    44 ||    91
  Dodge: Dodged            |    67 |     2 ||    69
